 Dungeon Crawl Stone Soup version 0.31.0-12-g77e489cdc1 (webtiles) character file.

Game seed: 5359415497148586420

1779 spaghetti the Covert (level 8, -1/58 HPs)
             Began as a Demonspawn Chaos Knight on Feb 16, 2024.
             Was a Plaything of Xom.
             Killed by nerve-wracking pain
             ... invoked by Menkaure
              (12 damage)
             ... on level 7 of the Dungeon.
             The game lasted 00:06:15 (4912 turns).

spaghetti the Covert (Demonspawn Chaos Knight)      Turns: 4912, Time: 00:06:16

Health: -1/58      AC:  8    Str: 12    XL:     8   Next: 81%
Magic:  8/8        EV: 15    Int: 21    God:    Xom [....*.]
Gold:   276        SH:  8    Dex: 13    Spells: 7/7 levels left

rFire   . . .        o - +3 short sword (venom)
rCold   . . .        v - +0 buckler
rNeg    . . .        b - +3 leather armour
rPois   .            (no helmet)
rElec   .            t - +0 cloak
rCorr   .            (no gloves)
SInv    .            (boots unavailable)
Will    .....        (no amulet)
Stlth   ++++++       e - +6 ring of intelligence
HPRegen 0.29/turn    u - +5 ring of evasion
MPRegen 0.11/turn

%: no passive effects
@: especially stealthy
A: foul stench 1, condensation shield, demonic touch 2, talons 3, shaggy fur 1,
MP-powered wands
a: Renounce Religion


You were on level 7 of the Dungeon.
You worshipped Xom.
You were a beloved toy of Xom.
You visited 1 branch of the dungeon, and saw 7 of its levels.

You collected 276 gold pieces.

Inventory:

Hand Weapons
 a - a +0 short sword of chaos
 g - a +2 dagger of speed
 k - a +2 dagger of venom
 o - a +3 short sword of venom (weapon)
Armour
 b - a +3 leather armour (worn)
 l - a +0 pair of boots
 t - a +0 cloak (worn)
 v - a +0 buckler (worn)
Jewellery
 e - a +6 ring of intelligence (left hand)
 u - a +5 ring of evasion (right hand)
Wands
 i - a wand of quicksilver (7)
 j - a wand of roots (20)
Scrolls
 c - 2 scrolls of butterflies
 d - 5 scrolls of teleportation
 q - a scroll of vulnerability
 r - 2 scrolls of immolation
 s - a scroll of revelation
 w - a scroll of poison
Potions
 f - 3 potions of brilliance
 h - 3 potions of cancellation
 m - a potion of attraction
 n - 2 potions of curing
 p - a potion of lignification


   Skills:
 - Level 3.0 Fighting
 - Level 2.6 Short Blades
 - Level 1.7 Armour
 - Level 0.8 Dodging
 + Level 11.3 Stealth


You had 7 spell levels left.
You didn't know any spells.
Your spell library contained the following spells:

 Spells                   Type           Power      Damage    Failure   Level
 Apportation              Tloc           0%         N/A       32%         1
 Kiss of Death            Conj/Necr      0%         2d5       32%         1
 Necrotise                Necr           0%         1d4       32%         1
 Shock                    Conj/Air       0%         1d3       32%         1
 Slow                     Hex            0%         N/A       32%         1
 Sting                    Conj/Alch      0%         1d3       32%         1
 Summon Small Mammal      Summ           0%         N/A       32%         1
 Confusing Touch          Hex            0%         N/A       69%         3
 Sigil of Binding         Hex            0%         N/A       69%         3
 Vampiric Draining        Necr           0%         2d6       69%         3
 Dispel Undead            Necr           0%         3d6       97%         4
 Bombard                  Conj/Erth      0%         9d1       100%        6
 Plasma Beam              Fire/Air       0%         2x1d10    100%        6
 Lehudib's Crystal Spear  Conj/Erth      0%         10d2      100%        8
 Shatter                  Erth           0%         3d5*      100%        9


Dungeon Overview and Level Annotations

Branches:
Dungeon (7/15)
 Temple: D:4-7

Altars:
Cheibriados
Fedhas
Qazlal
Trog
Xom

Annotations:
D:4 3 runed translucent doors, middlethird's ghost, weakling VSCj
D:7 Menkaure


Innate Abilities, Weirdness & Mutations

You may rarely emit foul miasma when damaged in melee.
A meltable shield of frost defends you. (SH +4)
Your touch may inflict irresistible damage on your foes.
You have claws for feet.
You are covered in fur. (AC +1)
You expend magic power (3 MP) to strengthen your wands.


Message History

You are too injured to fight recklessly!
You are too injured to fight recklessly!
You are too injured to fight recklessly!
You are too injured to fight recklessly!
You are too injured to fight recklessly!
You are too injured to fight recklessly!
You are too injured to fight recklessly!
You are too injured to fight recklessly!
You are too injured to fight recklessly!
You are too injured to fight recklessly!
You are too injured to fight recklessly!
Unknown command.
You completely miss Menkaure. You claw Menkaure, but do no damage.
Menkaure is lightly damaged.
You block Menkaure's attack.
You barely miss Menkaure.
Menkaure is lightly damaged.
You hit Menkaure.
Menkaure is moderately damaged.
Menkaure barely misses you.
You barely miss Menkaure. You claw Menkaure.
Menkaure is heavily damaged.
Menkaure hits you!
You hit Menkaure.
Menkaure is severely damaged.
Menkaure hits you.
You hit Menkaure. Your kick misses Menkaure.
Menkaure is almost destroyed.
You closely miss Menkaure.
Menkaure is almost destroyed.
Menkaure calls on the powers of darkness!
Your body is wracked with pain!
* * * LOW HITPOINT WARNING * * *
Unknown command.
Unknown command.
You hit Menkaure.
Menkaure is almost destroyed.
Menkaure gestures at you while chanting.
Pain shoots through your body!
You die...

#.##.##.#
##<...##.##
#....†....#
#.###.##..#########
#.. #..............
#..###.##.##.######
#......##.##b.)##
#.##.#....#.[...#
#. #......#b.@.b#
###.##.#.bM..#
#.##.##bb.##
#.##.###.## #.##.#
#.# .)...# #.#
#.#### #.# #. #.#


You could see Menkaure (ally target).

Vanquished Creatures
  A jumping spider (D:6)
  4 black bears
  An ogre (D:5)
  A tengu (D:5)
  A centaur (D:6)
  2 phantoms (D:5)
  4 scorpions
  2 jellies (D:5)
  3 bombardier beetles
  Crazy Yiuf (D:5)
  A gnoll bouda (D:6)
  An orc priest (D:3)
  An iguana (D:7)
  Ijyb (D:5)
  7 gnolls
  5 adders
  A shadow imp (D:6)
  2 ufetubi (D:5)
  6 dart slugs
  A ribbon worm (D:4)
  13 orcs
  6 bats
  5 endoplasms
  5 giant cockroaches
  6 goblins
  5 hobgoblins
  6 jackals
  2 quokkas
  5 ball pythons
  A frilled lizard (D:2)
  13 kobolds
  4 rats
117 creatures vanquished.

Vanquished Creatures (collateral kills)
  An ogre (D:3)
1 creature vanquished.

Vanquished Creatures (others)
  A gnoll (D:6)
1 creature vanquished.

Grand Total: 119 creatures vanquished

Notes
Turn   | Place    | Note
-------+----------+-------------------------------------------
     0 | D:1      | spaghetti the Demonspawn Chaos Knight began the quest for
                  | the Orb.
     0 | D:1      | Reached XP level 1. HP: 18/18 MP: 1/1
   228 | D:1      | Reached skill level 1 in Stealth
   270 | D:1      | Gained mutation: Your touch may inflict minor irresistible
                  | damage on your foes. [demonic ancestry]
   270 | D:1      | Reached XP level 2. HP: 19/24 MP: 2/2
   337 | D:1      | XOM: divination: detect creatures
   427 | D:1      | Reached skill level 2 in Stealth
   447 | D:1      | You fall into a shaft and drop 1 floor!
   551 | D:2      | XOM: divination: detect items
   722 | D:2      | XOM: divination: magic mapping
   949 | D:2      | Reached XP level 3. HP: 29/29 MP: 3/3
  1116 | D:2      | Reached skill level 3 in Stealth
  1185 | D:3      | XOM: noise
  1193 | D:3      | XOM: silly message
  1251 | D:3      | XOM: noise
  1312 | D:2      | Gained mutation: You may rarely emit foul miasma when
                  | damaged in melee. [demonic ancestry]
  1312 | D:2      | Reached XP level 4. HP: 20/35 MP: 4/4
  1378 | D:3      | Noticed an ogre
  1383 | D:3      | XOM: cast spell 'Animate Armour'
  1385 | D:3      | XOM: butterfly on damage
  1388 | D:3      | Killed an ogre
  1389 | D:3      | Reached skill level 5 in Stealth
  1389 | D:3      | Gained mutation: A meltable shield of frost defends you.
                  | (SH +4) [demonic ancestry]
  1389 | D:3      | Reached XP level 5. HP: 5/41 MP: 5/5
  1589 | D:3      | XOM: divination: magic mapping
  1732 | D:3      | Found a stormy altar of Qazlal.
  1993 | D:3      | XOM: silly message
  2160 | D:4      | Found a runed translucent gate.
  2160 | D:4      | Found a runed translucent gate.
  2160 | D:4      | Found a runed translucent gate.
  2226 | D:4      | Reached skill level 6 in Stealth
  2226 | D:4      | Gained mutation: Your touch may inflict irresistible damage
                  | on your foes. [demonic ancestry]
  2226 | D:4      | Reached XP level 6. HP: 47/47 MP: 6/6
  2331 | D:4      | XOM: cloud trail
  2378 | D:4      | XOM: noise
  2598 | D:4      | Found a bloodstained altar of Trog.
  2674 | D:4      | Noticed middlethird's ghost (weakling VSCj)
  2679 | D:4      | XOM: smoke on damage
  2682 | D:4      | Reached skill level 7 in Stealth
  2732 | D:4      | Found a snail-covered altar of Cheibriados.
  2803 | D:4      | XOM: divination: detect items
  2817 | D:4      | XOM: scenery: summon butterflies
  2943 | D:5      | Entered Level 5 of the Dungeon
  2972 | D:5      | Reached XP level 7. HP: 52/52 MP: 7/7
  3115 | D:5      | Reached skill level 8 in Stealth
  3122 | D:5      | XOM: polymorph bombardier beetle -> tengu
  3149 | D:5      | XOM: 1-stop teleportation journey
  3150 | D:5      | Gained mutation: You expend magic power (3 MP) to
                  | strengthen your wands. [potion of mutation]
  3150 | D:5      | Gained mutation: You sometimes lose your temper in combat.
                  | [potion of mutation]
  3150 | D:5      | Gained mutation: You have sharp toenails. [potion of
                  | mutation]
  3173 | D:5      | Noticed Eustachio
  3183 | D:5      | XOM: potion effect (curing)
  3202 | D:5      | XOM: enchant monster (good)
  3203 | D:5      | XOM: summons friendly crimson imp
  3213 | D:5      | Eustachio changed into Eustachio the quokka
  3213 | D:5      | Noticed Eustachio
  3213 | D:5      | XOM: polymorph Eustachio -> Eustachio the quokka
  3215 | D:5      | Killed Eustachio the quokka
  3638 | D:5      | XOM: give mutations
  3638 | D:5      | Gained mutation: You have razor-sharp toenails. [Xom's
                  | grace]
  3638 | D:5      | Lost mutation: You sometimes lose your temper in combat.
                  | [Xom's grace]
  3638 | D:5      | Gained mutation: You have claws for feet. [Xom's grace]
  3638 | D:5      | Gained mutation: You are covered in fur. (AC +1) [Xom's
                  | grace]
  3641 | D:5      | XOM: 8-stop teleportation journey
  3660 | D:5      | XOM: cleaving
  3664 | D:5      | Reached skill level 9 in Stealth
  3786 | D:5      | Noticed Ijyb
  3793 | D:5      | Killed Ijyb
  3912 | D:5      | Reached XP level 8. HP: 58/58 MP: 8/8
  4126 | D:5      | Found a runed translucent door.
  4127 | D:5      | Identified the +3 hammer "Loummi" {antimagic, rF- rN+
                  | Int+3}
  4127 | D:5      | Noticed Crazy Yiuf
  4374 | D:5      | Killed Crazy Yiuf
  4461 | D:6      | Reached skill level 10 in Stealth
  4549 | D:6      | an ogre changed into a jumping spider
  4549 | D:6      | Noticed a jumping spider
  4549 | D:6      | XOM: polymorph ogre -> jumping spider
  4554 | D:6      | Killed a jumping spider
  4624 | D:6      | Found a blossoming altar of Fedhas.
  4624 | D:6      | Found a shimmering altar of Xom.
  4636 | D:6      | XOM: confusion (+ monsters)
  4651 | D:6      | XOM: polymorph ice beast -> gnoll
  4736 | D:6      | Reached skill level 11 in Stealth
  4843 | D:6      | XOM: god gift: Xom's Codex of the World {god gift}
  4844 | D:6      | Got Xom's Codex of the World {god gift}
  4878 | D:7      | XOM: stealth player
  4896 | D:7      | Noticed Menkaure
  4904 | D:7      | XOM: butterfly on damage
  4912 | D:7      | Killed from afar by Menkaure

Illustrated notes

Levels and vault maps discovered:
D:1:      ebering_trefoil_3fold, layout_basic
D:2:      layout_loops_ring, chequers_arboretum
D:3:      layout_rooms, nicolae_qazlal_eye_of_the_storm, grunt_ministairs_11,
          nicolae_kite_square_tiling_tiny, kennysheep_generic_room_7
D:4:      layout_loops_ring, marbit_many_paths, mainiacjoe_overflow_alcove_1,
          gammafunk_ghost_icy
D:5:      layout_layer_cave, chequers_ossuary_entry_cave,
          uniq_crazy_yiuf_cottage, uniq_eustachio, uniq_ijyb
D:6:      minmay_goblin_kobold_castle, layout_rooms,
          gammafunk_temple_overflow_wave
D:7:      layout_loops_ring, minmay_temple_entry_drinking_statues,
          uniq_menkaure, uniq_duvessa, uniq_maurice, uniq_joseph

Skill      XL: |  1  2  3  4  5  6  7  8 |
---------------+-------------------------+-----
Stealth        | 1 2 3 5 6 7 9 11 | 11.3
Fighting       | |  3.0
Short Blades   | |  2.6
Armour         | |  1.7
Dodging        | |  0.8

Action                     |  1- 3 |  4- 6 |  7- 9 || total
---------------------------+-------+-------+-------++-------
  Melee: Short sword       |    92 |    38 |   139 ||   269
         Touch             |    15 |    25 |     8 ||    48
         Dagger            |       |    68 |       ||    68
         Punch             |       |     1 |     2 ||     3
         Kick              |       |       |    31 ||    31
  Evoke: Wand              |       |     1 |       ||     1
    Use: Scroll            |     3 |     5 |     4 ||    12
         Potion            |     2 |       |     1 ||     3
   Stab: Sleeping          |     6 |    11 |    11 ||    28
         Distracted        |       |     1 |     1 ||     2
         Paralysed         |       |       |     1 ||     1
 Armour: Leather armour    |    54 |    32 |    86 ||   172
  Dodge: Dodged            |    45 |    42 |   111 ||   198
  Block: Other             |       |     7 |    21 ||    28
         Buckler           |       |       |    11 ||    11
